[Event "M11"]
[Site "?"]
[Date "2022.07.29"]
[Round "9"]
[White "Hajek, Zdenek"]
[Black "Kalisky, Vladimir"]
[Result "1-0"]
[ECO "A31"]
[WhiteElo "1958"]
[BlackElo "2137"]
[Annotator ",martin-koller@seznam"]
[PlyCount "85"]
[TimeControl "240+2"]

{600MB, Fritz10.ctg} 1. d4 d5 2. c4 c5 3. Nf3 Nf6 4. cxd5 cxd4 5. Nxd4 Qxd5 6.
Nc3 Qa5 7. g3 e5 8. Nb3 Qc7 9. Bg2 Bb4 10. O-O Bxc3 11. bxc3 O-O 12. Qc2 Be6
13. Rd1 Na6 14. Ba3 Rfd8 15. Rxd8+ Rxd8 16. Rd1 Rc8 17. Bd6 Qb6 18. Bxe5 Nb4
19. Qd2 Nxa2 20. Nd4 Nxc3 21. Rc1 Nce4 22. Rxc8+ Bxc8 23. Bxe4 Nxe4 24. Qc2 Bf5
25. g4 f6 26. gxf5 fxe5 27. Qc4+ Kf8 28. Ne6+ Ke7 29. Qxe4 g6 30. Ng5 Qc7 31.
Nxh7 gxf5 32. Qxf5 Qc1+ 33. Kg2 Qf4 34. Qg6 a5 35. e3 Qf7 36. Qg5+ Ke6 37. Qh6+
Kd5 38. Nf6+ Kc4 39. e4 a4 40. Qc1+ Kb5 41. Nd5 Ka6 42. Qc4+ b5 43. Nc7+ 1-0

[Event "M11"]
[Site "?"]
[Date "2022.07.29"]
[Round "9"]
[White "Matthai, Jakob"]
[Black "Petras, Milan"]
[Result "1-0"]
[ECO "A36"]
[WhiteElo "1997"]
[BlackElo "1868"]
[Annotator ",martin-koller@seznam"]
[PlyCount "95"]
[TimeControl "240+2"]

{600MB, Fritz10.ctg} 1. c4 g6 2. g3 Bg7 3. Bg2 d6 4. Nc3 c5 5. d3 Nc6 6. e3 e5
7. Nge2 Nge7 8. a3 Rb8 9. Rb1 a6 10. b4 cxb4 11. axb4 b5 12. O-O O-O 13. Ba3
Be6 14. Nd5 Qd7 15. Nec3 Bh3 16. e4 Bxg2 17. Kxg2 f5 18. f3 h5 19. Bc1 Nd4 20.
Nxe7+ Qxe7 21. Nd5 Qd7 22. cxb5 axb5 23. Be3 Ne6 24. Qb3 Kh7 25. Ra1 Rb7 26.
Nb6 Qf7 27. Qd5 f4 28. Bg1 fxg3 29. hxg3 h4 30. Be3 Bh6 31. Bxh6 Kxh6 32. Qxd6
Rd8 33. Qxe5 Rxb6 34. Rh1 g5 35. gxh4 g4 36. fxg4 Nf4+ 37. Kh2 Rxd3 38. Qg5+
Kh7 39. Rhf1 Rf6 40. e5 Qb3 41. Ra7+ Rf7 42. Rxf7+ Qxf7 43. Qxf4 Rd2+ 44. Qxd2
Qxf1 45. Qd7+ Kh8 46. Qe8+ Kg7 47. Qe7+ Kh8 48. Qf6+ 1-0

[Event "K11"]
[Site "?"]
[Date "2022.07.29"]
[Round "9"]
[White "Cisarik, Pavol"]
[Black "Hurtak, Otto"]
[Result "1-0"]
[ECO "B28"]
[WhiteElo "1652"]
[BlackElo "1957"]
[Annotator ",martin-koller@seznam"]
[PlyCount "24"]
[TimeControl "240+2"]

{600MB, Fritz10.ctg} 1. e4 c5 2. Nf3 a6 3. a3 d5 4. exd5 Qxd5 5. d4 Bg4 6. Be2
e6 7. O-O Nf6 8. Be3 Nbd7 9. c4 Qd6 10. Nc3 cxd4 11. Nxd4 Bxe2 12. Qxe2 Qc7 1-0

[Event "K11"]
[Site "?"]
[Date "2022.07.29"]
[Round "9"]
[White "Schimmer, Michael"]
[Black "Zacek, Petr"]
[Result "0-1"]
[ECO "C11"]
[WhiteElo "1862"]
[BlackElo "1867"]
[Annotator ",martin-koller@seznam"]
[PlyCount "60"]
[TimeControl "240+2"]

{600MB, Fritz10.ctg} 1. e4 e6 2. d4 d5 3. Nc3 Nf6 4. e5 Nfd7 5. f4 a6 6. Nf3 c5
7. Be3 Nc6 8. Qd2 Be7 9. dxc5 Bxc5 10. O-O-O Bxe3 11. Qxe3 Qb6 12. Qd2 O-O 13.
Kb1 f5 14. exf6 Nxf6 15. g4 Nxg4 16. Rg1 Ne3 17. Re1 Nxf1 18. Rexf1 Bd7 19. Rg3
Qb4 20. Rfg1 g6 21. f5 d4 22. Qh6 dxc3 23. Rxg6+ Kf7 24. fxe6+ Ke7 25. Qxh7+
Kd6 26. Qxd7+ Kc5 27. b3 Qa3 28. R1g5+ Kb6 29. Qxc6+ bxc6 30. e7 Qb2# 0-1

[Event "K11"]
[Site "?"]
[Date "2022.07.29"]
[Round "9"]
[White "Fitzke, Ulrich"]
[Black "Hozda, Max"]
[Result "0-1"]
[ECO "D48"]
[WhiteElo "1740"]
[BlackElo "1832"]
[Annotator ",martin-koller@seznam"]
[PlyCount "90"]
[TimeControl "240+2"]

{600MB, Fritz10.ctg} 1. d4 d5 2. c4 c6 3. e3 e6 4. Nc3 Nf6 5. Nf3 Nbd7 6. Bd3
dxc4 7. Bxc4 b5 8. Bd3 Bb7 9. O-O a6 10. b3 c5 11. Bb2 Be7 12. Rc1 O-O 13. Qe2
Qb6 14. dxc5 Nxc5 15. Bb1 Rfd8 16. Rfd1 Rac8 17. b4 Nce4 18. Nxe4 Nxe4 19. Bd4
Rxc1 20. Rxc1 Qd6 21. a3 Qb8 22. Be5 Bd6 23. Qb2 Bxe5 24. Qxe5 Qxe5 25. Nxe5
Nc3 26. Kf1 Nxb1 27. Rxb1 f6 28. Nf3 Bxf3 29. gxf3 Rd3 30. Ra1 Kf7 31. Ke2 Rb3
32. Ra2 Ke7 33. Kd2 Rb1 34. Kc3 e5 35. a4 Rc1+ 36. Kd3 bxa4 37. Rxa4 Rc6 38.
Ra5 Ke6 39. e4 Rb6 40. Kc4 Rc6+ 41. Rc5 Kd6 42. Rxc6+ Kxc6 43. h3 h6 44. h4 h5
45. Kb3 g5 0-1

[Event "K11"]
[Site "?"]
[Date "2022.07.29"]
[Round "9"]
[White "Geike, Eberhard"]
[Black "Spindler, Markus"]
[Result "0-1"]
[ECO "B42"]
[WhiteElo "1801"]
[BlackElo "1903"]
[Annotator ",martin-koller@seznam"]
[PlyCount "78"]
[TimeControl "240+2"]

{600MB, Fritz10.ctg} 1. e4 c5 2. Nf3 e6 3. d4 cxd4 4. Nxd4 Nf6 5. Bd3 d6 6. Be3
Be7 7. O-O a6 8. c4 O-O 9. Qc2 b6 10. Nd2 Bb7 11. Rfe1 Nbd7 12. f3 Rc8 13. Qd1
Re8 14. Rc1 Bf8 15. Bf2 Ne5 16. Bb1 g6 17. f4 Nc6 18. N4f3 Bg7 19. Qb3 Nd7 20.
a3 Qc7 21. Qc2 f5 22. b3 Nc5 23. Qd1 Bb2 24. Rc2 Bxa3 25. Ra2 Bb4 26. Re3 Rcd8
27. Bh4 Ne7 28. Qe2 Rd7 29. Bf6 Kf7 30. Ba1 Bxd2 31. Rxd2 h6 32. Nh4 Nxe4 33.
Rdd3 Rg8 34. Qb2 Ke8 35. Rd4 d5 36. g3 dxc4 37. bxc4 Qc5 38. Red3 Nc6 39. Nf3
Nxd4 0-1

[Event "K11"]
[Site "?"]
[Date "2022.07.29"]
[Round "9"]
[White "Plesnivy, Martin"]
[Black "Hosova, Sandra"]
[Result "1-0"]
[ECO "D45"]
[WhiteElo "1644"]
[BlackElo "1779"]
[Annotator ",martin-koller@seznam"]
[PlyCount "75"]
[TimeControl "240+2"]

{600MB, Fritz10.ctg} 1. d4 d5 2. c4 c6 3. e3 Nf6 4. Nc3 e6 5. Nf3 Be7 6. Bd3
dxc4 7. Bxc4 b5 8. Bd3 a6 9. e4 c5 10. e5 Nd5 11. Ne4 Nd7 12. dxc5 Nxc5 13.
Nxc5 Bxc5 14. O-O Qb6 15. Ng5 h6 16. Ne4 Bb7 17. Qg4 g5 18. Bd2 Be7 19. Rac1
Bc6 20. Kh1 O-O-O 21. Rxc6+ Qxc6 22. Rc1 Qxc1+ 23. Bxc1 Nb4 24. Bb1 Rd7 25. Nc3
Rhd8 26. g3 Nc6 27. Be3 b4 28. Qe4 Kc7 29. Na4 Nd4 30. Bd3 a5 31. Ba6 Kb8 32.
Bxd4 Rc7 33. Kg2 Rdd7 34. Qd3 Rd5 35. Nb6 Rd8 36. Qb5 h5 37. Nd5+ Ka8 38. Nxc7#
1-0

[Event "M21"]
[Site "?"]
[Date "2022.07.31"]
[Round "1"]
[White "Gunther, Andreas"]
[Black "Hansch, Karsten"]
[Result "1/2-1/2"]
[ECO "A01"]
[WhiteElo "2088"]
[BlackElo "2320"]
[Annotator ",martin-koller@seznam"]
[PlyCount "46"]
[TimeControl "240+2"]

{600MB, Fritz10.ctg} 1. b3 d5 2. Bb2 Nf6 3. g3 c5 4. Bg2 e6 5. d3 Be7 6. Nd2
O-O 7. e4 Nc6 8. Ngf3 b6 9. O-O dxe4 10. dxe4 Ba6 11. Re1 Qc7 12. Bf1 Bxf1 13.
Kxf1 Rfd8 14. Qe2 Nd4 15. Nxd4 cxd4 16. Rac1 e5 17. c3 dxc3 18. Bxc3 Qd7 19.
Kg2 Qe6 20. Nc4 Rac8 21. Bb2 Nd7 22. Ne3 Nf6 23. Nc4 Nd7 1/2-1/2

[Event "M21"]
[Site "?"]
[Date "2022.07.31"]
[Round "1"]
[White "Hansch, Torsten"]
[Black "Prieb, Robert"]
[Result "1-0"]
[ECO "D98"]
[WhiteElo "2055"]
[BlackElo "2111"]
[Annotator ",martin-koller@seznam"]
[PlyCount "101"]
[TimeControl "240+2"]

{600MB, Fritz10.ctg} 1. d4 Nf6 2. c4 g6 3. Nc3 d5 4. Nf3 Bg7 5. Qb3 dxc4 6.
Qxc4 O-O 7. e4 Bg4 8. Be3 Bxf3 9. gxf3 Nc6 10. Rd1 Nd7 11. Be2 Nb6 12. Qd3 a6
13. O-O e5 14. dxe5 Qxd3 15. Bxd3 Nxe5 16. Be2 Nec4 17. Bc1 Rfd8 18. Rxd8+ Rxd8
19. Rd1 Rxd1+ 20. Nxd1 Bd4 21. b3 Ne5 22. Ne3 h5 23. f4 Nc6 24. f5 Bxe3 25.
Bxe3 gxf5 26. exf5 Ne7 27. Bxh5 Nxf5 28. Bxb6 cxb6 29. Bf3 Nd6 30. Kf1 Kg7 31.
Ke2 Kf6 32. Ke3 Ke5 33. Bg4 Nb5 34. Bc8 Nd6 35. f4+ Kd5 36. Bg4 b5 37. h4 Kc5
38. h5 f5 39. Bh3 Kd5 40. h6 Ke6 41. h7 Nf7 42. Kd4 b6 43. Bg2 Kf6 44. Bb7 Kg7
45. Bxa6 Kxh7 46. Bxb5 Kg7 47. Kd5 Kf6 48. Kc6 Nd8+ 49. Kxb6 Ne6 50. a4 Nxf4
51. a5 1-0

[Event "M21"]
[Site "?"]
[Date "2022.07.31"]
[Round "1"]
[White "Lokander, Martin"]
[Black "Kleinschroth, Roland"]
[Result "1-0"]
[ECO "A52"]
[WhiteElo "2483"]
[BlackElo "2085"]
[Annotator ",martin-koller@seznam"]
[PlyCount "109"]
[TimeControl "240+2"]

{600MB, Fritz10.ctg} 1. d4 Nf6 2. c4 e5 3. dxe5 Ng4 4. Nc3 Nxe5 5. e3 d6 6. f4
Ned7 7. Bd3 Nc5 8. Bc2 g6 9. b4 Bg7 10. Bb2 Ncd7 11. Nf3 a5 12. b5 O-O 13. Na4
Bxb2 14. Nxb2 Nc5 15. Qd4 Nbd7 16. O-O Qf6 17. f5 b6 18. g4 Bb7 19. g5 Qe7 20.
Qf4 Bxf3 21. Rxf3 Qe5 22. Rb1 Qxf4 23. exf4 Rae8 24. f6 Re2 25. Rf2 Rfe8 26.
Kf1 Rxf2+ 27. Kxf2 Ne4+ 28. Bxe4 Rxe4 29. Kf3 Nc5 30. Rd1 Kf8 31. Rd2 Re1 32.
Nd1 Ne6 33. Ne3 Rc1 34. Ke4 Re1 35. Kf3 Rc1 36. h4 Rh1 37. Kg3 Rg1+ 38. Kf2 Rc1
39. Kf3 Rh1 40. f5 Rh3+ 41. Kf2 Nc5 42. fxg6 hxg6 43. Rd4 Rh2+ 44. Ng2 Ne6 45.
Re4 Rh1 46. Kg3 Ra1 47. Nf4 Nxf4 48. Kxf4 Rxa2 49. Re7 Rc2 50. Rxc7 Ke8 51. Ke4
a4 52. Kd5 a3 53. Re7+ Kd8 54. Rxf7 a2 55. Ra7 1-0

[Event "M21"]
[Site "?"]
[Date "2022.07.31"]
[Round "1"]
[White "Soural, Jan"]
[Black "Shubin, Daniel"]
[Result "1-0"]
[ECO "E06"]
[WhiteElo "2119"]
[BlackElo "2120"]
[Annotator ",martin-koller@seznam"]
[PlyCount "62"]
[TimeControl "240+2"]

{600MB, Fritz10.ctg} 1. d4 d5 2. c4 e6 3. Nf3 Nf6 4. g3 Be7 5. Bg2 O-O 6. O-O
c6 7. Qc2 b6 8. Nbd2 Bb7 9. e4 Na6 10. a3 c5 11. exd5 exd5 12. Rd1 Rc8 13. dxc5
Nxc5 14. b4 Ne6 15. Bb2 dxc4 16. Nxc4 Bd5 17. Nfe5 b5 18. Bxd5 Nxd5 19. Qe4 Nf6
20. Qb7 Qe8 21. Ne3 Rc7 22. Qa6 Qb8 23. Nc6 Qa8 24. Nxe7+ Rxe7 25. Bxf6 gxf6
26. Qxb5 Ng5 27. Qd5 Qc8 28. h4 Re5 29. Qg2 Ne4 30. Rd5 Qc3 31. Rad1 Rxd5 1-0

[Event "M21"]
[Site "?"]
[Date "2022.07.31"]
[Round "1"]
[White "Tornsberg, Carlos"]
[Black "Hogeman, Joel"]
[Result "0-1"]
[ECO "B22"]
[WhiteElo "1983"]
[BlackElo "2160"]
[Annotator ",martin-koller@seznam"]
[PlyCount "74"]
[TimeControl "240+2"]

{600MB, Fritz10.ctg} 1. e4 c5 2. c3 d5 3. exd5 Nf6 4. d4 Nxd5 5. dxc5 e6 6. c4
Nb4 7. Qxd8+ Kxd8 8. Na3 Bxc5 9. Bd2 N8c6 10. O-O-O Ke7 11. Kb1 e5 12. f3 Bf5+
13. Ka1 Rhd8 14. Ne2 Nc2+ 15. Nxc2 Bxc2 16. Bg5+ f6 17. Rc1 Bg6 18. Bh4 Be3 19.
Rb1 Bxb1 20. Kxb1 Rd1+ 21. Kc2 Rad8 22. Kb3 g5 23. Bg3 Nd4+ 24. Nxd4 R8xd4 25.
h4 h5 26. hxg5 Bxg5 27. Bf2 R4d2 28. Bc5+ Kf7 29. Ba3 h4 30. c5 Kg7 31. g3 hxg3
32. Rg1 Bf4 33. Rg2 Rxg2 34. Bxg2 f5 35. Bb4 Kf6 36. a4 Rg1 37. c6 bxc6 0-1

[Event "K21"]
[Site "?"]
[Date "2022.07.31"]
[Round "1"]
[White "Wiege, Hannes"]
[Black "Karas, Eugenia"]
[Result "1/2-1/2"]
[ECO "D58"]
[WhiteElo "1791"]
[BlackElo "1844"]
[Annotator ",martin-koller@seznam"]
[PlyCount "69"]
[TimeControl "240+2"]

{600MB, Fritz10.ctg} 1. d4 d5 2. c4 e6 3. Nc3 Nf6 4. Bg5 Be7 5. e3 h6 6. Bh4 b6
7. Nf3 Bb7 8. Be2 dxc4 9. Bxc4 Nbd7 10. O-O O-O 11. Qe2 Ne4 12. Bg3 Ndf6 13.
Rac1 Nxc3 14. Rxc3 Ne4 15. Rc2 Bd6 16. Be5 Qe7 17. Rfc1 Ng5 18. Bxd6 Nxf3+ 19.
Qxf3 cxd6 20. Qe2 Rac8 21. Ba6 Qd7 22. Bb5 Qe7 23. Bc6 d5 24. Qb5 Rfd8 25. h3
Kh7 26. Rc3 Bxc6 27. Rxc6 Rxc6 28. Qxc6 Qd7 29. Qc7 Kg8 30. a4 Kf8 31. a5 Qxc7
32. Rxc7 bxa5 33. Rxa7 Rb8 34. Rxa5 Rxb2 35. Ra7 1/2-1/2

[Event "K21"]
[Site "?"]
[Date "2022.07.31"]
[Round "1"]
[White "Husa, Daniel"]
[Black "Vesely, Jaromir"]
[Result "0-1"]
[ECO "A90"]
[WhiteElo "1843"]
[BlackElo "1929"]
[Annotator ",martin-koller@seznam"]
[PlyCount "56"]
[TimeControl "240+2"]

{600MB, Fritz10.ctg} 1. d4 e6 2. c4 d5 3. Nf3 c6 4. g3 f5 5. Bg2 Nf6 6. Nc3 Bd6
7. O-O O-O 8. b3 Bd7 9. Qc2 Qe7 10. Nd2 Be8 11. f3 Bg6 12. e4 fxe4 13. fxe4 e5
14. dxe5 Bxe5 15. Bb2 Nbd7 16. Rae1 Qc5+ 17. Kh1 Ng4 18. Bh3 Rxf1+ 19. Nxf1
Nf2+ 20. Kg2 Nxh3 21. Kxh3 Rf8 22. Na4 Qg1 23. Bxe5 Nxe5 24. Qc3 d4 25. Ne3 Qf2
26. Qxd4 Nf3 27. Qd1 Qxh2+ 28. Kg4 Bh5# 0-1

[Event "K21"]
[Site "?"]
[Date "2022.07.31"]
[Round "1"]
[White "Nelson, Wayne"]
[Black "Schoenmakers, Nico"]
[Result "0-1"]
[ECO "D37"]
[WhiteElo "1895"]
[BlackElo "1816"]
[Annotator ",martin-koller@seznam"]
[PlyCount "84"]
[TimeControl "240+2"]

{600MB, Fritz10.ctg} 1. d4 d5 2. Nf3 e6 3. Bf4 c6 4. e3 Nf6 5. c4 Be7 6. Nc3
O-O 7. Bd3 dxc4 8. Bxc4 b5 9. Bd3 a6 10. O-O c5 11. dxc5 Bxc5 12. Ne4 Be7 13.
Nxf6+ Bxf6 14. Be4 e5 15. Bxa8 exf4 16. Nd4 fxe3 17. fxe3 Qe7 18. Qb3 Nd7 19.
Rae1 Nb6 20. Bf3 Nc4 21. Re2 Ne5 22. Nc6 Nxf3+ 23. gxf3 Qe8 24. Nb4 Be6 25. Nd5
Bh4 26. Rd1 Bg5 27. Qa3 Qa8 28. e4 a5 29. Nc7 Qa7+ 30. Kh1 Qxc7 31. Qd6 Qc4 32.
Red2 Bxd2 33. Qxd2 g6 34. b3 Qc7 35. Rg1 Qd8 36. Qh6 Qf6 37. f4 Qg7 38. Qg5 f5
39. h4 fxe4 40. Qxb5 Qh6 41. h5 Qxf4 42. hxg6 Qh4+ 0-1

[Event "K21"]
[Site "?"]
[Date "2022.07.31"]
[Round "1"]
[White "Ekberg, Karl"]
[Black "Oelman, Henry"]
[Result "1-0"]
[ECO "E46"]
[WhiteElo "1921"]
[BlackElo "1952"]
[Annotator ",martin-koller@seznam"]
[PlyCount "75"]
[TimeControl "240+2"]

{600MB, Fritz10.ctg} 1. d4 Nf6 2. c4 e6 3. Nc3 Bb4 4. e3 O-O 5. Nge2 d5 6. a3
Be7 7. cxd5 exd5 8. Nf4 c6 9. Bd3 Nbd7 10. O-O Re8 11. f3 Nf8 12. Kh1 Ne6 13.
Nce2 Bd6 14. Qc2 Qc7 15. b4 a6 16. Bd2 g6 17. Nxe6 Bxe6 18. e4 Nh5 19. e5 Bf8
20. f4 Bg4 21. f5 gxf5 22. Nf4 Bg7 23. Bxf5 Bxf5 24. Qxf5 Nxf4 25. Rxf4 Re6 26.
Rh4 Rg6 27. Qh3 Qc8 28. Rxh7 Qg4 29. Rh4 Qe2 30. Bh6 Qb2 31. Rg1 Rxh6 32. Rxh6
Bxh6 33. Qxh6 Qxd4 34. Qg5+ Kh8 35. Qf6+ Kg8 36. Rf1 Rf8 37. h3 Qe4 38. Rf4 1-0

[Event "K21"]
[Site "?"]
[Date "2022.07.31"]
[Round "1"]
[White "Rutsatz, Mario"]
[Black "Reichmann, Steffen"]
[Result "0-1"]
[ECO "A86"]
[WhiteElo "1898"]
[BlackElo "1946"]
[Annotator ",martin-koller@seznam"]
[PlyCount "122"]
[TimeControl "240+2"]

{600MB, Fritz10.ctg} 1. d4 f5 2. g3 g6 3. Bg2 Nf6 4. c4 Bg7 5. Nc3 O-O 6. Bg5
d6 7. Nf3 c6 8. Qd2 Qc7 9. Bh6 e5 10. Bxg7 Kxg7 11. d5 c5 12. O-O h6 13. Rac1
Qe7 14. a3 e4 15. Ne1 Ng4 16. Nc2 Ne5 17. b3 Na6 18. f3 exf3 19. exf3 Bd7 20.
Rce1 Qf6 21. f4 Nf7 22. b4 Rae8 23. Nb5 cxb4 24. Nxb4 Bxb5 25. cxb5 Nc5 26. Nc2
g5 27. Nd4 g4 28. Ne6+ Nxe6 29. dxe6 Rxe6 30. Rxe6 Qxe6 31. Qd4+ Qf6 32. Qxa7
Nd8 33. Qb6 Rf7 34. Rd1 Rd7 35. a4 Qc3 36. Qd4+ Qxd4+ 37. Rxd4 Ne6 38. Rd5 Kf6
39. Bf1 Nc5 40. a5 Ne4 41. b6 Nc5 42. Bb5 Rd8 43. Kf1 Ne4 44. Bd3 Ke6 45. Bxe4
fxe4 46. Rh5 Rh8 47. Ke2 Rc8 48. Ke3 d5 49. Rxh6+ Kf5 50. Rd6 Rc3+ 51. Kd2 Rd3+
52. Ke2 d4 53. Rd5+ Kf6 54. Rb5 Ra3 55. Rd5 Ra2+ 56. Ke1 d3 57. Re5 Re2+ 58.
Kf1 e3 59. a6 Rf2+ 60. Ke1 d2+ 61. Kd1 Rf1+ 0-1

[Event "M21"]
[Site "?"]
[Date "2022.07.31"]
[Round "2"]
[White "Prieb, Robert"]
[Black "Lokander, Martin"]
[Result "0-1"]
[ECO "D39"]
[WhiteElo "2111"]
[BlackElo "2483"]
[Annotator ",martin-koller@seznam"]
[PlyCount "64"]
[TimeControl "240+2"]

{600MB, Fritz10.ctg} 1. d4 d5 2. c4 e6 3. Nf3 Nf6 4. Nc3 Bb4 5. Qa4+ Nc6 6. Bg5
dxc4 7. e3 Bd7 8. Qc2 b5 9. a4 a6 10. Bxf6 gxf6 11. Be2 Ne7 12. axb5 axb5 13.
O-O Nd5 14. Nxd5 exd5 15. e4 Rxa1 16. Rxa1 O-O 17. exd5 Re8 18. h3 Qe7 19. Bf1
Qd6 20. Ra7 Qxd5 21. Qc1 Bd6 22. Qh6 Qf5 23. Ra6 Be6 24. Qe3 Kg7 25. g4 Qf4 26.
Bg2 b4 27. Ra1 Bd7 28. Qxf4 Bxf4 29. Bf1 c3 30. bxc3 bxc3 31. Ne1 Rxe1 32. Rxe1
c2 0-1

[Event "M21"]
[Site "?"]
[Date "2022.07.31"]
[Round "2"]
[White "Hansch, Karsten"]
[Black "Soural, Jan"]
[Result "1/2-1/2"]
[ECO "B27"]
[WhiteElo "2320"]
[BlackElo "2119"]
[Annotator ",martin-koller@seznam"]
[PlyCount "51"]
[TimeControl "240+2"]

{600MB, Fritz10.ctg} 1. e4 c5 2. Nf3 g6 3. Bc4 Bg7 4. c3 Nc6 5. O-O d6 6. d4
Nf6 7. e5 dxe5 8. Nxe5 Nxe5 9. dxe5 Qxd1 10. Rxd1 Nd7 11. e6 fxe6 12. Be3 Ne5
13. Bb5+ Bd7 14. Na3 Rc8 15. f4 Bh6 16. Nc4 Bxb5 17. Nxe5 Bg7 18. b3 Bxe5 19.
fxe5 c4 20. a4 Bd7 21. b4 a6 22. Bc5 Rf8 23. Rd4 Rf5 24. a5 Bb5 25. Re1 Rd8 26.
Rxd8+ 1/2-1/2

[Event "M21"]
[Site "?"]
[Date "2022.07.31"]
[Round "2"]
[White "Tornberg, Carlos"]
[Black "Gunther, Andreas"]
[Result "1-0"]
[ECO "B01"]
[WhiteElo "1983"]
[BlackElo "2088"]
[Annotator ",martin-koller@seznam"]
[PlyCount "85"]
[TimeControl "240+2"]

{600MB, Fritz10.ctg} 1. e4 d5 2. exd5 Qxd5 3. Nc3 Qa5 4. d4
Nf6 5. Nf3 c6 6. Bc4 Bf5 7. Qe2 Nbd7 8. Bd2 Qc7 9. Ne5 e6 10. O-O-O b5 11. Nxd7
Nxd7 12. g4 Bxg4 13. Qxg4 bxc4 14. Bf4 Qa5 15. Rhe1 O-O-O 16. Qf3 Qa6 17. d5
cxd5 18. Nxd5 Qb7 19. Bc7 Ne5 20. Rxe5 Rxd5 21. Rdxd5 Qxc7 22. Rb5 Bd6 23. Qa8+
Kd7 24. Qxh8 Bxe5 25. Qa8 Bf4+ 26. Kb1 Kd6 27. Qf8+ Qe7 28. Qxe7+ Kxe7 29. h3
f5 30. Rb7+ Kf6 31. Rxa7 h5 32. Ra4 g5 33. Rxc4 Ke5 34. a4 g4 35. h4 g3 36.
fxg3 Bxg3 37. a5 f4 38. Kc1 f3 39. Kd2 Bf2 40. a6 Kf5 41. b4 e5 42. Rc5 Kf4 43.
a7 1-0

[Event "M21"]
[Site "?"]
[Date "2022.07.31"]
[Round "2"]
[White "Shubin, Daniel"]
[Black "Hansch, Torsten"]
[Result "1/2-1/2"]
[ECO "B99"]
[WhiteElo "2120"]
[BlackElo "2055"]
[Annotator ",martin-koller@seznam"]
[PlyCount "66"]
[TimeControl "240+2"]

{600MB, Fritz10.ctg} 1. e4 c5 2. Nf3 d6 3. d4 cxd4 4. Nxd4 Nf6 5. Nc3 a6 6. Bg5
e6 7. f4 Be7 8. Qf3 Qc7 9. O-O-O Nbd7 10. g4 h6 11. Bh4 g5 12. fxg5 Ne5 13. Qg3
Nfxg4 14. gxh6 Bxh4 15. Qxh4 Rxh6 16. Qg3 Bd7 17. Be2 Rg6 18. h4 O-O-O 19. h5
Rg7 20. Qf4 Rdg8 21. Rdg1 Qd8 22. h6 Qg5 23. Qxg5 Rxg5 24. Rh4 f5 25. exf5 exf5
26. Nd5 Kd8 27. h7 Rh8 28. Nb6 Nc6 29. Nxd7 Nxd4 30. Bxg4 Ne2+ 31. Bxe2 Rxg1+
32. Kd2 Kxd7 33. Bd3 Rg5 1/2-1/2

[Event "K21"]
[Site "?"]
[Date "2022.07.31"]
[Round "2"]
[White "Karas, Eugenia"]
[Black "Rutsatz, Mario"]
[Result "1-0"]
[ECO "E02"]
[WhiteElo "1844"]
[BlackElo "1898"]
[Annotator ",martin-koller@seznam"]
[PlyCount "94"]
[TimeControl "240+2"]

{600MB, Fritz10.ctg} 1. d4 Nf6 2. c4 e6 3. Nf3 d5 4. g3 Be7 5. Bg2 O-O 6. O-O
dxc4 7. Qa4 Bd7 8. Qxc4 Bc6 9. Nc3 Nbd7 10. Rd1 Nb6 11. Qd3 Nbd5 12. Ne5 Nxc3
13. Nxc6 Nxe2+ 14. Qxe2 bxc6 15. Bxc6 Rb8 16. b3 Nd5 17. Bb2 Qd6 18. Bxd5 Qxd5
19. Qe5 Bd6 20. Qxd5 exd5 21. Rac1 a5 22. Bc3 Ra8 23. Be1 Rfe8 24. Kf1 h5 25.
h3 g5 26. Bd2 f6 27. Re1 Kf7 28. Rxe8 Kxe8 29. Ke2 Kd7 30. Kd3 a4 31. b4 Rb8
32. a3 Rh8 33. Rh1 Ke6 34. Rc1 g4 35. h4 f5 36. Rc6 Ra8 37. Rc1 Kd7 38. Re1 Rf8
39. Bf4 Bxf4 40. gxf4 Kd6 41. Kc3 Rg8 42. Re3 Rg6 43. b5 c5 44. bxc6 Kc7 45.
Kb4 Rxc6 46. Rc3 Rxc3 47. Kxc3 Kb6 1-0

[Event "K21"]
[Site "?"]
[Date "2022.07.31"]
[Round "2"]
[White "Nelson, Wayne"]
[Black "Wiege, Hannes"]
[Result "0-1"]
[ECO "D02"]
[WhiteElo "1895"]
[BlackElo "1791"]
[Annotator ",martin-koller@seznam"]
[PlyCount "74"]
[TimeControl "240+2"]

{600MB, Fritz10.ctg} 1. d4 d5 2. Nf3 Nf6 3. Bf4 e6 4. e3 c5 5. c3 Be7 6. Bd3
O-O 7. Nbd2 Nc6 8. O-O Nd7 9. Re1 f5 10. Kh1 g5 11. Be5 g4 12. Ng1 Ncxe5 13.
dxe5 Nxe5 14. Be2 Bd7 15. f3 gxf3 16. Ngxf3 Ng4 17. Kg1 Nxe3 18. Qc1 Ng4 19. h3
Nf6 20. Ne5 Bd6 21. Ndf3 Qe7 22. Bd3 Ne4 23. c4 Qg7 24. Nxd7 Qxd7 25. Qh6 Rf6
26. Qh5 Qg7 27. Bxe4 dxe4 28. Nh2 Be5 29. Qe2 Kh8 30. Rad1 Rg6 31. Rd2 Rg8 32.
Kh1 Qe7 33. Qd1 Qh4 34. Ree2 Qg3 35. Nf1 Qxh3+ 36. Kg1 Bd4+ 37. Rxd4 Rxg2+ 0-1

[Event "K21"]
[Site "?"]
[Date "2022.07.31"]
[Round "2"]
[White "Reichmann, Steffen"]
[Black "Ekberg, Karl"]
[Result "1-0"]
[ECO "B23"]
[WhiteElo "1946"]
[BlackElo "1951"]
[Annotator ",martin-koller@seznam"]
[PlyCount "57"]
[TimeControl "240+2"]

{600MB, Fritz10.ctg} 1. e4 c5 2. Nc3 Nc6 3. f4 g6 4. Nf3 Bg7 5. Bb5 Nd4 6. Nxd4
cxd4 7. Ne2 e6 8. Bc4 Ne7 9. c3 O-O 10. O-O d5 11. Bd3 dxe4 12. Bxe4 d3 13. Ng3
f5 14. Bf3 Qb6+ 15. Kh1 e5 16. fxe5 Bxe5 17. Qe1 Qd6 18. b3 Nd5 19. Ba3 Qe6 20.
Bxf8 Kxf8 21. Qf2 Nf6 22. Rae1 Qd6 23. b4 Bd7 24. Qc5 Qxc5 25. bxc5 Bxc3 26.
dxc3 Rc8 27. Re5 b6 28. Rd1 Ng4 29. Bxg4 1-0

[Event "M21"]
[Site "?"]
[Date "2022.07.31"]
[Round "2"]
[White "Hogeman, Joel"]
[Black "Kleinschroth, Roland"]
[Result "1-0"]
[ECO "B01"]
[WhiteElo "2160"]
[BlackElo "2085"]
[Annotator ",martin-koller@seznam"]
[PlyCount "41"]
[TimeControl "240+2"]

{600MB, Fritz10.ctg} 1. e4 d5 2. exd5 Qxd5 3. Nf3 Bg4 4. Be2 Nc6 5. d4 O-O-O 6.
c4 Qf5 7. Be3 Nf6 8. Nbd2 e5 9. d5 Nb4 10. O-O Nc2 11. Rc1 Nxe3 12. fxe3 Bc5
13. Rc3 Kb8 14. b4 Bxb4 15. Rb3 Bxd2 16. Qxd2 Bxf3 17. Bxf3 e4 18. Be2 Qe5 19.
Qa5 b6 20. Qa6 Nd7 21. Ra3 1-0

[Event "K21"]
[Site "?"]
[Date "2022.07.31"]
[Round "2"]
[White "Schoenmakers, Nico"]
[Black "Vesely, Jaromir"]
[Result "1/2-1/2"]
[ECO "C01"]
[WhiteElo "1816"]
[BlackElo "1929"]
[Annotator ",martin-koller@seznam"]
[PlyCount "125"]
[TimeControl "240+2"]

{600MB, Fritz10.ctg} 1. e4 e6 2. d4 d5 3. exd5 exd5 4. Nf3 f5 5. Ne5 Nf6 6. Nd2
Bd6 7. Ndf3 O-O 8. Bd3 c5 9. c3 Nc6 10. Nxc6 bxc6 11. O-O Ne4 12. Qc2 Qb6 13.
Be3 c4 14. Be2 f4 15. Bc1 Bf5 16. Nh4 Be6 17. Bxc4 g5 18. Nf3 dxc4 19. Qxe4 Bf5
20. Qe2 Qb5 21. Re1 Rae8 22. Qxe8 Rxe8 23. Rxe8+ Kf7 24. Re1 Bd3 25. Ne5+ Kf6
26. b4 Bxe5 27. Rxe5 Qa4 28. Re1 Qc2 29. a4 Qxc3 30. Ba3 Qxd4 31. b5 c5 32. a5
g4 33. b6 axb6 34. axb6 g3 35. hxg3 fxg3 36. Ra2 Be4 37. Rae2 Bd5 38. Bc1 gxf2+
39. Rxf2+ Kg6 40. Be3 Qc3 41. Rfe2 Qb4 42. Bc1 c3 43. Rf2 Qxb6 44. Re5 Qd8 45.
Rg5+ Qxg5 46. Bxg5 Kxg5 47. Rc2 Kf4 48. Rxc3 c4 49. Kf2 Ke4 50. Ke2 Kd4 51. Rg3
c3 52. Kd1 Be4 53. Kc1 c2 54. Rg7 Bg6 55. Re7 Kc3 56. g3 Kd3 57. g4 Kc3 58.
Rc7+ Kd4 59. g5 Ke5 60. Rc5+ Kf4 61. Ra5 Kg4 62. Kd2 Kh5 63. Ra1 neèitelné 1/2-1/2

[Event "K21"]
[Site "?"]
[Date "2022.07.31"]
[Round "2"]
[White "Oelman, Henry"]
[Black "Husa, Daniel"]
[Result "1/2-1/2"]
[ECO "D06"]
[WhiteElo "1952"]
[BlackElo "1843"]
[Annotator ",martin-koller@seznam"]
[PlyCount "117"]
[TimeControl "240+2"]

{600MB, Fritz10.ctg} 1. Nf3 d5 2. c4 Nf6 3. cxd5 Nxd5 4. e4 Nb6 5. d4 Bg4 6.
Be2 e6 7. O-O Be7 8. Nbd2 O-O 9. h3 Bh5 10. b3 c5 11. Bb2 Nc6 12. dxc5 Bxc5 13.
Qc2 Be7 14. Rad1 Rc8 15. Qb1 Qc7 16. Rfe1 Rfd8 17. a3 Rd7 18. Qa1 Bf8 19. Rc1
Qd8 20. Nf1 Bg6 21. Ng3 h6 22. Bb5 Rdc7 23. Bxc6 Rxc6 24. Rxc6 Rxc6 25. Ne5 Rc2
26. Nxg6 fxg6 27. Nf1 Bc5 28. Rd1 Qh4 29. Bd4 Qxe4 30. Bxc5 Rxc5 31. Re1 Qc6
32. Ne3 Nd5 33. Qe5 Nxe3 34. Qb8+ Kh7 35. Rxe3 Rg5 36. Rg3 Rxg3 37. Qxg3 Qc1+
38. Kh2 Qxa3 39. Qe3 Qd6+ 40. g3 b6 41. Kg2 Qd5+ 42. Kg1 e5 43. h4 b5 44. b4
Qc4 45. Qd2 e4 46. Qd6 Qa2 47. Qe7 Qc4 48. Kg2 Qd4 49. Kg1 Qd1+ 50. Kg2 Qe1 51.
Qc5 a5 52. bxa5 Qxa5 53. h5 Qa4 54. hxg6+ Kxg6 55. g4 Kf7 56. Qf5+ Kg8 57. Qc8+
Kf7 58. Qf5+ Kg8 59. Qc8+ 1/2-1/2